 Dungeon Crawl Stone Soup version 0.30-a0-304-gdc4b735fe1 (webtiles) character file.

Game seed: 13425341294329485565

6704 themarg the Warrior (level 10, -3/160 HPs)
             Began as a Minotaur Fighter on Oct 21, 2022.
             Was a Follower of Lugonu.
             Slain by an unseen horror skeleton (7 damage)
             ... on level 9 of the Dungeon.
             The game lasted 00:22:02 (9060 turns).

themarg the Warrior (Minotaur Fighter)              Turns: 9060, Time: 00:22:03

Health: -3/160     AC: 13    Str: 26    XL:     10   Next: 74%
Magic:  12/12      EV:  6    Int:  5    God:    Lugonu [*.....]
Gold:   1351       SH:  8    Dex:  9    Spells: 9/9 levels left

rFire   . . .      SeeInvis +    a - +3 hand axe "Somp" {vorpal, Will+ SInv}
rCold   . . .      Faith    .    k - +0 kite shield
rNeg    + . .      Spirit   .    y - +0 plate armour
rPois   .          Reflect  .    (helmet restricted)
rElec   .          Harm     .    N - +0 cloak
rCorr   .          Rampage  .    (no gloves)
Will    +....                    (no boots)
Stlth   ..........               (no amulet)
HPRegen 0.46/turn                z - +4 ring of slaying
MPRegen 0.13/turn                G - ring of positive energy

@: berserking, about to teleport, very quick
A: horns 2, retaliatory headbutt
a: Renounce Religion, Depart the Abyss


You were on level 9 of the Dungeon.
You worshipped Lugonu.
Lugonu was aware of your devotion.
You visited 1 branch of the dungeon, and saw 9 of its levels.
You visited the Abyss 1 time.
You also visited: Ossuary.

You collected 1351 gold pieces.

Inventory:

Hand Weapons
 a - the +3 hand axe "Somp" (weapon) {vorpal, Will+ SInv}
   (You found it on level 6 of the Dungeon)

   It inflicts extra damage upon your enemies.
   SInv:      It lets you see invisible.
   Will:      It increases your willpower.
 b - a +1 flail of protection
 p - the +9 dagger "Fitytut" {vorpal, rPois Str+3 Dex-5}
   (You found it on level 2 of the Dungeon)

   It inflicts extra damage upon your enemies.
   Str:       It affects your strength (+3).
   Dex:       It affects your dexterity (-5).
   rPois:     It protects you from poison.
Missiles
 e - 128 stones (quivered)
 t - 4 boomerangs of dispersal
 x - 24 poisoned darts
 B - a throwing net
 H - 5 boomerangs
 M - 6 curare-tipped darts
Armour
 c - a +0 buckler
 k - a +0 kite shield (worn)
 y - a +0 plate armour (worn)
 N - a +0 cloak (worn)
Jewellery
 h - a ring of willpower
 n - a ring of willpower
 z - a +4 ring of slaying (left hand)
 C - a ring of flight
 G - a ring of positive energy (right hand)
Wands
 s - a wand of mindburst (9)
 F - a wand of quicksilver (1)
 K - a wand of roots (6)
 L - a wand of polymorph (2)
 U - a wand of flame (13)
Scrolls
 g - 2 scrolls of noise
 j - 3 scrolls of magic mapping
 l - 2 scrolls of fear
 q - a scroll of torment {unknown}
 A - 4 scrolls of enchant armour
 D - 2 scrolls of enchant weapon
 I - a scroll of blinking
 J - a scroll of silence {unknown}
 R - a scroll of amnesia {unknown}
 S - a scroll of poison {unknown}
 T - a scroll of vulnerability {unknown}
Potions
 d - 3 potions of flight
 f - 2 potions of invisibility
 i - 6 potions of haste
 m - 3 potions of degeneration
 r - 6 potions of curing
 v - a potion of brilliance
 w - 3 potions of berserk rage
 E - 2 potions of cancellation
 O - 2 potions of attraction
 P - a potion of ambrosia {unknown}
 Q - a potion of might


   Skills:
 + Level 15.9 Fighting
 - Level 2.4 Axes
 - Level 5.0 Armour
 - Level 5.0 Dodging
 - Level 5.0 Shields
 + Level 4.6 Invocations
 - Level 5.0 Evocations


You had 9 spell levels left.
You didn't know any spells.
Your spell library contained the following spells:

 Spells                   Type           Power      Damage    Failure   Level
 Apportation              Tloc           0%         N/A       100%        1
 Necrotise                Necr           0%         1d4       100%        1
 Sandblast                Erth           0%         2d4       100%        1
 Summon Small Mammal      Summ           0%         N/A       100%        1
 Passwall                 Tmut/Erth      0%         N/A       100%        2
 Static Discharge         Conj/Air       0%         2-2/arc   100%        2
 Call Canine Familiar     Summ           0%         N/A       100%        3
 Stone Arrow              Conj/Erth      0%         3d7       100%        3
 Summon Guardian Golem    Hex/Summ       0%         N/A       100%        3
 Vhi's Electric Charge    Tloc/Air       0%         N/A       100%        3
 Manifold Assault         Tloc           0%         N/A       100%        4
 Arcjolt                  Conj/Air       0%         1d10      100%        5
 Lightning Bolt           Conj/Air       0%         1d11      100%        5
 Dispersal                Tloc           0%         N/A       100%        6
 Disjunction              Tloc           0%         N/A       100%        8


Dungeon Overview and Level Annotations

Branches:
Dungeon (9/15)             Temple (0/1) D:6         Ossuary (visited)
   Lair: D:8-11         Orc: D:9-12

Altars:
Cheibriados
Elyvilon
Kikubaaqudgha
Makhleb
Nemelex Xobeh
Trog
Uskayaw
Vehumet
The Shining One

Shops:
D:2 :

Annotations:
D:6 Sigmund


Innate Abilities, Weirdness & Mutations

You have a pair of horns on your head.
You reflexively headbutt those who attack you in melee.


Message History

* * * LOW HITPOINT WARNING * * *
You block the unseen horror skeleton's attack.
The unseen horror skeleton hits you but does no damage.
The flying skull hits you.
* * * LOW HITPOINT WARNING * * *
The unseen horror skeleton hits you.
* * * LOW HITPOINT WARNING * * *
Your life force feels restored.
You slash the unseen horror skeleton!
The unseen horror skeleton is heavily damaged.
You closely miss the flying skull.
Your surroundings suddenly seem different.
Found a cloak.
A killer bee zombie comes into view.
You block the unseen horror skeleton's attack.
The unseen horror skeleton attacks as you move away!
The unseen horror skeleton hits you.
* * * LOW HITPOINT WARNING * * *
You block the unseen horror skeleton's attack.
An unseen horror skeleton comes into view.
The unseen horror skeleton hits you.
* * * LOW HITPOINT WARNING * * *
As you read the scroll of teleportation, it crumbles to dust.
You feel strangely unstable.
You block the unseen horror skeleton's attack. x2
The unseen horror skeleton barely misses you.
A wyvern skeleton comes into view.
A red film seems to cover your vision as you go berserk!
You feel yourself moving faster!
You feel mighty!
You block the unseen horror skeleton's attack.
The unseen horror skeleton barely misses you.
You block the unseen horror skeleton's attack.
The unseen horror skeleton hits you but does no damage. x2
You barely miss the unseen horror skeleton.
The unseen horror skeleton is moderately damaged.
You hit the unseen horror skeleton.
The unseen horror skeleton hits you but does no damage.
You block the unseen horror skeleton's attack. x2
The unseen horror skeleton hits you!
You die...

..#'###########......#...........
.....................############
............................
............................
..#'#####'#.................
..#.)....)#....###########....
..#...[...#....# ..Z.. #...
..#.......#.#..##Z.# #..#
..##......#.#..#@#.# #..#
...#......#.#..##Z## # #..#
...####.###.#..###W#$#W###..#....
......###...#.....ZZ...WZW..#....
.....†......#......ZZZW.ZW..#....
............#..###.#(#.###z.#....
............#..# .##[# .##z.#....
............#..# # '# .#..#....
............#..# # #..#....


You could see a wraith, a killer bee zombie, 2 centaur zombies, a wyvern
skeleton, 2 centaur skeletons and 2 unseen horror skeletons.

Vanquished Creatures
  A two-headed ogre (D:9)
  Maggie (D:9)
  A troll (D:7)
  Prince Ribbit (D:9)
  3 flying skulls (D:9)
  6 yaks (D:9)
  A wraith (D:9)
  Menkaure (D:7)
  An acid dragon (D:9)
  2 water moccasins
  2 orc warriors
  A black bear (D:4)
  2 ice beasts
  2 sky beasts (D:7)
  2 ogres
  2 centaurs
  3 phantoms
  2 bullfrogs
  6 kobold brigands
  A gnoll sergeant (D:8)
  3 scorpions
  3 necrophages
  A water moccasin zombie (Ossuary)
  2 howler monkeys
  2 jellies (D:5)
  7 hounds
  Crazy Yiuf (D:6)
  3 orc priests (D:8)
  Jessica (D:3)
  Natasha (thrice) (D:3)
  3 iguanas
  7 orc wizards
  Terence (D:3)
  2 mummies (Ossuary)
  8 gnolls
  17 adders
  6 adder zombies (Ossuary)
  A worm (D:3)
  A dart slug (D:1)
  33 orcs
  15 ball pythons
  9 endoplasms
  2 giant cockroaches
  3 gnoll zombies (Ossuary)
  17 goblins
  14 hobgoblins
  6 jackals
  2 quokkas (D:4)
  6 bats
  A frilled lizard (D:3)
  8 hobgoblin zombies (Ossuary)
  34 kobolds
  3 kobold zombies (Ossuary)
  5 orc zombies (Ossuary)
  7 rats
278 creatures vanquished.

Notes
Turn   | Place    | Note
-------+----------+-------------------------------------------
     0 | D:1      | themarg the Minotaur Fighter began the quest for the Orb.
     0 | D:1      | Reached XP level 1. HP: 19/19 MP: 0/0
    49 | D:1      | Reached skill level 4 in Fighting
    95 | D:1      | Reached XP level 2. HP: 27/27 MP: 1/1
   646 | D:2      | Reached skill level 5 in Fighting
   660 | D:2      | Reached XP level 3. HP: 36/36 MP: 2/2
  1003 | D:2      | Reached XP level 4. HP: 44/44 MP: 3/3
  1015 | D:2      | Identified the +9 dagger "Fitytut" {vorpal, rPois Str+3
                  | Dex-5}
  1149 | D:2      | Found Ytugou's Book Shop.
  1319 | D:2      | Reached skill level 6 in Fighting
  1581 | D:2      | Found a faded altar of an unknown god.
  1703 | D:3      | Noticed Terence
  1709 | D:3      | Killed Terence
  1819 | D:3      | Reached XP level 5. HP: 49/51 MP: 4/4
  1819 | D:3      | Noticed Natasha
  1822 | D:3      | Reached skill level 7 in Fighting
  1831 | D:3      | Killed Natasha
  1888 | D:3      | Noticed Natasha
  1894 | D:3      | Killed Natasha
  1961 | D:3      | Noticed Natasha
  1966 | D:3      | Killed Natasha
  1969 | D:3      | Noticed Jessica
  1973 | D:3      | Killed Jessica
  1974 | D:3      | Reached skill level 8 in Fighting
  2517 | D:4      | Noticed a black bear
  2522 | D:4      | Reached XP level 6. HP: 61/61 MP: 5/5
  2536 | D:4      | Reached skill level 9 in Fighting
  2814 | D:4      | Reached XP level 7. HP: 19/70 MP: 6/6
  3315 | D:4      | Reached skill level 10 in Fighting
  3446 | D:4      | Reached skill level 1 in Dodging
  3595 | D:5      | Entered Level 5 of the Dungeon
  4058 | D:5      | Found a bloodstained altar of Trog.
  4059 | D:5      | Found a burning altar of Makhleb.
  4069 | D:5      | Found a white marble altar of Elyvilon.
  4070 | D:5      | Found a radiant altar of Vehumet.
  4073 | D:5      | Found an ancient bone altar of Kikubaaqudgha.
  4073 | D:5      | Found a glowing golden altar of the Shining One.
  4074 | D:5      | Found a snail-covered altar of Cheibriados.
  4076 | D:5      | Found a sparkling altar of Nemelex Xobeh.
  4080 | D:5      | Found a hide-covered altar of Uskayaw.
  4085 | D:5      | Reached XP level 8. HP: 81/81 MP: 7/7
  4096 | D:5      | Reached skill level 11 in Fighting
  4737 | D:6      | Reached skill level 5 in Dodging
  4952 | D:6      | Reached skill level 12 in Fighting
  5076 | D:6      | Identified the +3 hand axe "Somp" {vorpal, Will+ SInv}
  5103 | D:6      | Noticed Sigmund
  5105 | D:6      | Found a staircase to the Ecumenical Temple.
  5166 | D:6      | Reached skill level 13 in Fighting
  5420 | D:6      | Reached XP level 9. HP: 93/93 MP: 8/8
  5863 | D:6      | Found a runed translucent door.
  5864 | D:6      | Noticed Crazy Yiuf
  5872 | D:6      | Killed Crazy Yiuf
  6055 | D:7      | Noticed a troll
  6063 | D:7      | Killed a troll
  6163 | D:7      | Noticed Menkaure
  6167 | D:7      | Killed Menkaure
  6168 | D:7      | Reached skill level 5 in Shields
  6215 | D:7      | Reached skill level 14 in Fighting
  6221 | D:7      | Found a sand-covered staircase.
  6225 | Ossuary  | Entered an ossuary
  6867 | D:8      | Reached skill level 15 in Fighting
  6885 | D:8      | Reached skill level 5 in Armour
  7062 | D:8      | Reached skill level 1 in Evocations
  7515 | D:8      | Identified a scroll of acquirement
  7516 | D:8      | Acquired 810 gold pieces
  7738 | D:9      | Reached XP level 10. HP: 65/105 MP: 9/9
  8030 | D:9      | Noticed Maggie
  8273 | Abyss:1  | Cast into level 1 of the Abyss (Maggie)
  8274 | Abyss:1  | Found a corrupted altar of Lugonu.
  8281 | Abyss:1  | Became a worshipper of Lugonu the Unformed
  8281 | Abyss:1  | Reached * piety under Lugonu
  8282 | D:9      | Escaped the Abyss
  8283 | D:9      | Killed Maggie
  8551 | D:9      | Noticed Prince Ribbit
  8556 | D:9      | Killed Prince Ribbit
  8557 | D:9      | Reached skill level 5 in Evocations
  8582 | D:9      | Noticed a two-headed ogre
  8590 | D:9      | Killed a two-headed ogre
  9026 | D:9      | Noticed a necromancer
  9057 | D:9      | HP: 4/107 [unseen horror skeleton (3)]
  9060 | D:9      | Slain by an unseen horror skeleton

Illustrated notes

Levels and vault maps discovered:
D:1:      minmay_arrival_four_circles, layout_rooms, st_stairs_10
D:2:      layout_basic, serial_shops, shop,
          shapermc_ecumenical_altar_mp_vishouse, minmay_mini_jars
D:3:      layout_rooms, lemuel_flame_loot_1, uniq_natasha, uniq_jessica,
          uniq_terence
D:4:      minmay_recursive_quarters, layout_basic,
          minmay_misc_feat_more_columns, hangedman_decor_opposing,
          minmay_goblin_outpost
D:5:      layout_cave_pods, nicolae_overflow_hallway_of_the_gods
D:6:      layout_basic, minmay_temple_entry_from_below_a, serial_rivers,
          chequers_serial_rivers_marsh, chequers_serial_rivers_marsh,
          chequers_serial_rivers_marsh, chequers_serial_rivers_room_a,
          chequers_serial_rivers_large_b, kennysheep_generic_room_15,
          uniq_crazy_yiuf_cottage, uniq_sigmund
D:7:      minmay_chambers_of_sevens, layout_loops_cross, enter_ossuary_5,
          uniq_menkaure
D:8:      layout_rooms
D:9:      hangedman_screamer, layout_irregular_city, lair_entry_dummy,
          uniq_prince_ribbit1, uniq_maggie

Skill      XL: |  1  2  3  4  5  6  7  8  9 10 |
---------------+-------------------------------+-----
Fighting       | 4 5 6 8 9 10 13 15 | 15.9
Dodging        | 3 5 |  5.0
Shields        | 5 |  5.0
Armour         | 5 |  5.0
Evocations     | 3 5 |  5.0
Invocations    | 4 |  4.6
Axes           | |  2.4

Action                   |  1- 3 |  4- 6 |  7- 9 | 10-12 || total
-------------------------+-------+-------+-------+-------++-------
Melee: War axe           |    83 |   124 |   120 |       ||   327
       Headbutt          |    16 |    14 |    76 |    23 ||   129
       Hand axe          |       |       |   206 |    78 ||   284
Invok: Depart the Abyss  |       |       |       |     1 ||     1
Evoke: Wand              |       |       |       |     2 ||     2
  Use: Potion            |       |     4 |     1 |     2 ||     7
       Scroll            |       |       |    15 |     4 ||    19
Armor: Scale mail        |    40 |    30 |       |       ||    70
       Chain mail        |       |    75 |    82 |       ||   157
       Plate armour      |       |       |   104 |    75 ||   179
Dodge: Dodged            |    48 |    84 |   127 |    31 ||   290
Block: Buckler           |    18 |    43 |    68 |       ||   129
       Kite shield       |       |       |    25 |    72 ||    97

Table legend: (Time is in decaauts)
 A = Elapsed time spent in this place.
 B = Non-inter-level travel time spent in this place.
 C = Inter-level travel time spent in this place.
 D = Time resting spent in this place.
 E = Time spent auto-exploring this place.
 F = Levels seen in this place.
 G = Mean time per level.
                   A        B        C        D        E       F      G
               +--------+--------+--------+--------+--------+-----+--------+
         Total |   9300 |   8935 |    365 |   1634 |   5576 |  11 |  845.5 |
       Dungeon |   9014 |   8649 |    365 |   1538 |   5576 |   9 | 1001.6 |
         Abyss |      8 |      8 |      0 |      0 |      0 |   1 |    8.0 |
       Ossuary |    277 |    277 |      0 |     96 |      0 |   1 |  277.0 |
               +--------+--------+--------+--------+--------+-----+--------+

Top non-repeatable levels by time:
     D:6: 1363 daAuts
     D:9: 1336 daAuts
     D:5: 1158 daAuts
     D:2: 1119 daAuts
     D:4: 1003 daAuts
     D:3: 926 daAuts
     D:8: 924 daAuts
     D:1: 631 daAuts
     D:7: 549 daAuts
 Ossuary: 277 daAuts
 Abyss:1: 8 daAuts
